 Dungeon Crawl Stone Soup version bcrawl-1.19.2-6-g6a88ae04c9 (webtiles) character file.

Game seed: 13776707899567629783

1269 Mrkan the Cudgeler (level 8, -10/70 HPs)
             Began as a Minotaur Fighter on Dec 27, 2019.
             Was a Priest of Elyvilon.
             Mangled by an orc warrior
             ... wielding a +0 dire flail
              (14 damage)
             ... on level 6 of the Dungeon.
             The game lasted 00:05:26 (4819 turns).

Mrkan the Cudgeler (Minotaur Fighter)               Turns: 4819, Time: 00:05:27

Health: -10/70     AC: 12    Str: 21    XL:     8   Next: 28%
Magic:  7/7        EV:  6    Int:  5    God:    Elyvilon [***...]
Gold:   501        SH: 10    Dex: 12    Spells: 7/7 levels left

rFire    . . .     SeeInvis .   y - +0 morningstar
rCold    . . .     Gourm    .   c - +0 shield
rNeg     . . .     Faith    .   j - +0 plate armour
rPois    .         Spirit   .   (helmet restricted)
rElec    .         Reflect  .   (no cloak)
rCorr    .         Harm     .   (no gloves)
MR       .....                  (no boots)
Stlth    ..........             (no amulet)
HPRegen  0.21/turn              (no ring)
MPRegen  0.10/turn              (no ring)

@: lethally poisoned (-10 -> -11)
A: retaliatory headbutt, horns 2
a: Lesser Healing, Heal Other, Purification, Divine Protection, Renounce
Religion


You were on level 6 of the Dungeon.
You worshipped Elyvilon.
Elyvilon was most pleased with you.
You were hungry.

You visited 1 branch of the dungeon, and saw 6 of its levels.

You collected 501 gold pieces.

Inventory:

Hand Weapons
 a - a +0 flail
 k - a +1 mace of protection
 y - a +0 morningstar (weapon)
Armour
 c - a +0 shield (worn)
 j - a +0 plate armour (worn)
 n - a +0 pair of gloves
Jewellery
 x - the amulet "Hyamir" {RegenMP +Fly rElec Dex-3, unknown}
   (You found it on level 5 of the Dungeon)

   [amulet of magic regeneration]

   It increases your magic regeneration.
   It affects your dexterity (-3).
   It insulates you from electricity.
   It lets you fly.
Wands
 w - a wand of polymorph (9)
Scrolls
 b - 2 scrolls of immolation {unknown}
 i - 5 scrolls of remove curse {unknown}
 l - 3 scrolls of teleportation {unknown}
 m - a scroll of enchant weapon {unknown}
 o - 2 scrolls of enchant armour {unknown}
 p - 7 scrolls of identify {unknown}
 q - a scroll of blinking {unknown}
 u - 6 scrolls of amnesia {unknown}
 v - 2 scrolls of magic mapping {unknown}
 z - a scroll of fog {unknown}
Potions
 d - 2 potions of might
 e - 2 potions of brilliance {unknown}
 g - 2 potions of curing {unknown}
 h - a potion of heal wounds {unknown}
 r - a potion of agility {unknown}
 s - 2 potions of invisibility {unknown}
 t - 2 potions of haste {unknown}
 A - 2 potions of ambrosia {unknown}
Comestibles
 f - 7 rations {!d}


   Skills:
 + Level 6.0 Fighting
 * Level 7.4 Maces & Flails
 + Level 6.1 Armour
 + Level 4.1 Dodging
 + Level 6.1 Shields


You had 7 spell levels left.
You didn't know any spells.
Your spell library was empty.

Dungeon Overview and Level Annotations

Branches:
Dungeon (6/12)
 Temple: D:4-7

Altars:
Ashenzari
Elyvilon
Makhleb
Yredelemnul


Innate Abilities, Weirdness & Mutations

You reflexively headbutt those who attack you in melee.
You have a pair of horns on your head.


Message History

You closely miss the orc warrior.
You headbutt the orc warrior, but do no damage.
The orc warrior is moderately wounded.
You feel sick.
The orc priest calls upon Beogh to heal the orc warrior.
The orc warrior is healed somewhat.
The orc warrior hits you with a +0 dire flail!
* * * LOW HITPOINT WARNING * * *
You sock the orc warrior! Your headbutt misses the orc warrior.
The orc warrior is severely wounded.
The orc warrior barely misses you.
You closely miss the orc warrior.
The orc warrior is severely wounded.
You feel sick.
The orc warrior hits you with a +0 dire flail!
* * * LOW HITPOINT WARNING * * *
You hit the orc warrior but do no damage.
The orc warrior is severely wounded.
The orc warrior hits you with a +0 dire flail!
You die...

##...oo## #.....
.......o.###....#
...............#
#.######......#..#
#. ###......# ...
#oo##..## . #..#
##o## ..# ..
#....###o## .##...
#..@## ##....
###.# #.... #.##
##.##.##
##.####..##..# #
#.......##..# ###
#......#..##.###..
#.....###.........
#......#
##........
........#
#....#...


You could see an orc warrior, an orc priest, an orc wizard and an orc.

Vanquished Creatures
  A hippogriff (D:5)
  An ice beast (D:5)
  3 sky beasts (D:4)
  2 scorpions (D:5)
  3 crimson imps
  A quasit (D:4)
  An orc priest (D:6)
  3 iron imps (D:5)
  Ijyb (D:5)
  An orc wizard (D:6)
  4 worker ants
  3 gnolls (D:3)
  7 adders
  A shadow imp (D:5)
  2 oozes
  4 adder skeletons
  2 worms
  2 dart slugs
  5 leopard geckos
  6 orcs
  A ball python (D:1)
  5 bats
  2 giant cockroaches (D:1)
  8 goblins
  7 hobgoblins
  13 jackals
  3 quokkas
  A frilled lizard (D:3)
  3 kobolds
  A quokka skeleton (D:5)
  9 rats
  A spectral orc (D:3)
  A bush (D:2)
108 creatures vanquished.

Notes
Turn   | Place    | Note
-------+----------+-------------------------------------------
     0 | D:1      | Mrkan the Minotaur Fighter began the quest for the Orb.
     0 | D:1      | Reached XP level 1. HP: 19/19 MP: 0/0
   105 | D:1      | Reached XP level 2. HP: 25/27 MP: 1/1
   185 | D:1      | Reached skill level 3 in Maces & Flails
   367 | D:1      | Reached XP level 3. HP: 33/33 MP: 2/2
   798 | D:2      | Reached skill level 1 in Dodging
  1074 | D:2      | Found a white marble altar of Elyvilon.
  1312 | D:2      | Reached XP level 4. HP: 40/40 MP: 3/3
  1679 | D:2      | Became a worshipper of Elyvilon the Healer
  1773 | D:3      | Reached skill level 4 in Maces & Flails
  1870 | D:3      | Reached XP level 5. HP: 47/47 MP: 4/4
  2039 | D:3      | Reached * piety under Elyvilon
  2065 | D:3      | Found a basalt altar of Yredelemnul.
  2427 | D:4      | Found a shattered altar of Ashenzari.
  2696 | D:4      | Reached XP level 6. HP: 38/53 MP: 5/5
  2825 | D:4      | Noticed a sky beast
  2842 | D:4      | Killed a sky beast
  2842 | D:4      | Reached skill level 5 in Maces & Flails
  3089 | D:4      | Noticed a sky beast
  3100 | D:4      | Killed a sky beast
  3100 | D:4      | Reached skill level 5 in Fighting
  3100 | D:4      | Reached skill level 5 in Armour
  3238 | D:4      | Noticed a sky beast
  3262 | D:4      | Killed a sky beast
  3262 | D:4      | Reached skill level 5 in Shields
  3262 | D:4      | Reached XP level 7. HP: 46/61 MP: 6/6
  3490 | D:5      | Entered Level 5 of the Dungeon
  3491 | D:5      | Noticed a hippogriff
  3494 | D:5      | Noticed Ijyb
  3505 | D:5      | Killed a hippogriff
  3505 | D:5      | Reached skill level 6 in Maces & Flails
  3516 | D:5      | Killed Ijyb
  3802 | D:5      | Reached ** piety under Elyvilon
  3890 | D:5      | Got a twitching ruby amulet
  3980 | D:5      | Reached skill level 7 in Maces & Flails
  3980 | D:5      | Reached XP level 8. HP: 40/70 MP: 7/7
  4140 | D:5      | Found a burning altar of Makhleb.
  4715 | D:6      | Reached *** piety under Elyvilon
  4819 | D:6      | Mangled by an orc warrior

Skill      XL: |  1  2  3  4  5  6  7  8 |
---------------+-------------------------+-----
Maces & Flails | 3 4 5 7 |  7.4
Armour         | 4 5 6 |  6.1
Fighting       | 4 5 6 |  6.0
Shields        | 4 5 6 |  6.1
Dodging        | 1 2 3 4 |  4.1

Action                   |  1- 3 |  4- 6 |  7- 9 || total
-------------------------+-------+-------+-------++-------
Melee: Flail             |   125 |   222 |    24 ||   371
       Headbutt          |    16 |    46 |    18 ||    80
       Morningstar       |       |       |    77 ||    77
       Unarmed           |       |       |     4 ||     4
 Stab: Confused          |       |       |     1 ||     1
  Eat: Chunk             |       |     7 |     2 ||     9
       Ration            |       |       |     1 ||     1
Armor: Scale mail        |    14 |       |       ||    14
       Plate armour      |    65 |   186 |    51 ||   302
       Skin              |       |       |     1 ||     1
Dodge: Dodged            |    26 |    51 |    22 ||    99
Block: Shield            |    75 |   119 |    57 ||   251
